 Dungeon Crawl Stone Soup version 0.30-a0-170-g85af917532 (webtiles) character file.

Game seed: 15175087100985422410

122628 qw the Severer (level 16, -1/105 HPs)
             Began as a Gargoyle Fighter on Sept 30, 2022.
             Was a High Priest of Okawaru.
             Succumbed to barbed spike wounds
             ... on level 1 of the Shoals.
             The game lasted 00:14:40 (29308 turns).

qw the Severer (Gargoyle Fighter)                  Turns: 29308, Time: 00:14:40

Health: -1/105     AC: 51    Str: 27    XL:     16   Next: 88%
Magic:  18/23      EV: 15    Int: 10    God:    Okawaru [*****.]
Gold:   321        SH: 19    Dex: 11    Spells: 15/15 levels left

rFire   . . .      SeeInvis +    B - +2 broad axe (drain)
rCold   . . .      Faith    .    A - +0 kite shield
rNeg    + + +      Spirit   .    p - +9 plate armour "Fiplefent" {rN+ Dex+2}
rPois   inf        Reflect  +    a - +0 helmet
rElec   +          Harm     .    c - +2 cloak
rCorr   .          Rampage  .    s - +2 pair of gloves
Will    +....                    v - +1 pair of boots of Zysyecw {rN+}
Stlth   ..........               x - amulet of reflection
HPRegen 0.27/turn                y - ring of see invisible
MPRegen 0.18/turn                e - +4 ring of evasion

@: about to teleport, heroic, finesse-ful, spiked, flying
A: sickness immunity, AC +12, big wings, negative energy resistance 1,
electricity resistance, torment resistance 1, petrification resistance
a: Renounce Religion, Heroism, Finesse, Duel


You were on level 1 of the Shoals.
You worshipped Okawaru.
Okawaru was extremely pleased with you.
You visited 5 branches of the dungeon, and saw 24 of its levels.

You collected 2410 gold pieces.
You spent 2089 gold pieces at shops.


Innate Abilities, Weirdness & Mutations

You are immune to sickness and miasma.
Your stone body is resilient. (AC +12)
You are immune to poison.
Your large and strong wings let you fly.
You resist negative energy. (rN+)
You are resistant to electric shocks. (rElec)
You are resistant to unholy torment.
You are immune to petrification.


   Skills:
 - Level 13.9(18.9) Fighting
 + Level 16.1(21.1) Axes
 - Level 6.1(11.1) Throwing
 - Level 13.0(18.0) Armour
 - Level 5.0(10.0) Dodging
 - Level 13.5(18.5) Shields
 - Level 10.0 Invocations


You had 15 spell levels left.
You didn't know any spells.
Your spell library was empty.

Inventory:

Hand Weapons
 u - a +3 morningstar of freezing
 B - a +2 broad axe of draining (weapon)
Missiles
 q - 2 silver boomerangs
 t - 4 boomerangs
 w - 12 javelins (quivered)
Armour
 a - a +0 helmet (worn)
 c - a +2 cloak (worn)
 f - the +4 scale mail "Kamas" {rCorr SInv}
   (You found it on level 2 of the Lair of Beasts)

   SInv:      It lets you see invisible.
   rCorr:     It protects you from acid and corrosion.
 p - the +9 plate armour "Fiplefent" (worn) {rN+ Dex+2}
   (Okawaru gifted it to you on level 2 of the Lair of Beasts)

   Dex:       It affects your dexterity (+2).
   rN:        It protects you from negative energy.
 s - a +2 pair of gloves (worn)
 v - the +1 pair of boots of Zysyecw (worn) {rN+}
   (You acquired it on level 9 of the Dungeon)

   rN:        It protects you from negative energy.
 A - a +0 kite shield (worn)
Jewellery
 e - a +4 ring of evasion (right hand)
 o - a +4 ring of evasion
 x - an amulet of reflection (around neck)
 y - a ring of see invisible (left hand)
 D - a ring of ice
 E - a ring of protection from fire
 F - a ring of protection from fire
Scrolls
 g - 10 scrolls of identify
 m - a scroll of teleportation
Potions
 d - 4 potions of might
 h - a potion of mutation
 i - 2 potions of attraction
 j - a potion of cancellation
 k - 6 potions of curing
 l - 3 potions of lignification
 n - 5 potions of haste
 r - 2 potions of magic
 z - 2 potions of resistance

Dungeon Overview and Level Annotations

Branches:
Dungeon (15/15)            Temple (1/1) D:4            Lair (5/5) D:9
 Shoals (1/4) Lair:3       Spider (0/4) Lair:2        Slime (0/5) Lair:5
    Orc (2/2) D:12            Elf (0/3) Orc:2        Vaults (0/5) D:13
 Depths (0/4) D:15

Altars:
Ashenzari
Cheibriados
Dithmenos
Elyvilon
Fedhas
Gozag
Hepliaklqana
Kikubaaqudgha
Makhleb
Nemelex Xobeh
Okawaru
Qazlal
Ru
Sif Muna
Trog
Uskayaw
Vehumet
Wu Jian
Xom
Yredelemnul
Zin
The Shining One
Jiyva

Shops:
Orc:2 *[=(

Annotations:
D:2 1 runed translucent door, Crazy Yiuf
Lair:5 4 runed translucent doors, qw's ghost, journeyman GrFi
Orc:1 1 runed translucent door


Message History

The merfolk struggles against the net.
You hit the manticore but do no damage.
The merfolk throws a boomerang of dispersal.
You reflect the boomerang of dispersal off an invisible shield around you!
The boomerang of dispersal hits the merfolk!!
The merfolk blinks!
You block the merfolk's attack.
You completely miss the manticore. The merfolk closely misses you.
You block the manticore's attack. The manticore barely misses you.
The manticore claws you but does no damage.
The merfolk javelineer throws a silver javelin.
The silver javelin pierces through you!
29303 ||| READING 2 scrolls of teleportation.
As you read the scroll of teleportation, it crumbles to dust.
You feel strangely unstable.
The merfolk struggles against the net.
You block the merfolk's attack. x2
The manticore misses you. The manticore barely misses you.
The manticore closely misses you.
The merfolk javelineer throws a silver javelin.
The silver javelin pierces through you but does no damage.
You slash the manticore! You drain the manticore.
The manticore is moderately wounded.
The merfolk struggles against the net.
The net rips apart, and the merfolk comes free!
You hit the manticore. You drain the manticore.
The manticore is heavily wounded.
You block the merfolk's attack.
The merfolk throws a boomerang.
The boomerang hits you but does no damage.
You slash the manticore! You drain the manticore.
The manticore is almost dead.
The merfolk javelineer throws a silver javelin.
The silver javelin pierces through you! The manticore bites you.
You block the manticore's attack. The manticore misses you.
You hit the manticore.
You kill the manticore!
Okawaru accepts your kill. You block the merfolk's attack. x2
The barbs in your skin will harm you if you move.
Continue?
The barbed spikes dig painfully into your body as you move.
You die...

~~~~.........
~~~~~~~.......
~~~~~........#
~~~~~..~~..m.#
~~~..##~~....##
......#.~.....#
....[....<....##
.........m..~~...
##.....@m...~~~.
#...)%.m.~~~~~.
#....~.m..#..~.
#...~~...##.$~~
#.~~.~~~~(. ~m.
#...~~~~.~~~~ ..
#...~~~.~~~~~~
#...~~~~~~~~~~


You could see a merfolk javelineer and 4 merfolk.

Vanquished Creatures
  Gastronok (D:10)
  Kirke (D:12)
  Donald (Shoals:1)
  An orc warlord (Orc:2)
  A fire dragon (Lair:5)
  An ettin (Orc:2)
  Josephine (D:12)
  8 vault guards (D:13)
  A great orb of eyes (D:15)
  A rakshasa (D:15)
  A centaur warrior (D:15)
  7 two-headed ogres
  A radroach (shapeshifter) (D:15)
  A catoblepas (Lair:2)
  3 hydras (Lair:5)
  3 boulder beetles
  Urug (Orc:1)
  4 orc high priests (Orc:2)
  Nergalle (D:12)
  A swamp dragon (Lair:5)
  2 lindwurms (Lair:5)
  A wizard (D:14)
  4 orc knights
  Pikel (D:5)
  4 deep elf pyromancers
  A wolf spider (D:11)
  21 ugly things
  2 oklob plants (Lair:4)
  7 orc sorcerers
  4 manticores
  8 cyclopes
  Maurice (D:9)
  23 elephants
  6 black mambas
  A gargoyle (D:13)
  5 torpor snails (Lair:5)
  An ice statue (D:13)
  An unseen horror (D:11)
  11 cane toads
  3 rime drakes
  Psyche (D:9)
  2 kobold demonologists
  2 efreet
  9 komodo dragons
  2 tengu conjurers (D:15)
  2 polar bears
  8 trolls
  6 hornets (Lair:5)
  3 tyrant leeches (Lair:5)
  8 blink frogs
  6 slime creatures (D:15)
  Sigmund (D:4)
  A jumping spider (shapeshifter) (D:11)
  A jumping spider (Lair:2)
  3 culicivoras (Lair:2)
  3 basilisks
  A vampire (D:13)
  5 wyverns
  A water elemental (D:14)
  5 wraiths
  2 shadows
  84 yaks
  5 hogs (D:12)
  A fire elemental (D:14)
  3 redbacks (Lair:2)
  3 steam dragons
  9 vampire mosquitoes
  4 acid dragons
  16 water moccasins
  2 swamp drakes (Lair:5)
  2 ice beasts
  31 orc warriors
  A sky beast (D:6)
  A black bear (Lair:1)
  5 wolves (Lair:2)
  6 ogres
  6 centaurs
  A phantom (D:5)
  4 lemures (D:5)
  14 bullfrogs
  4 kobold brigands
  A necrophage (D:7)
  A gnoll sergeant (Orc:2)
  2 scorpions
  17 wights
  4 killer bees (D:9)
  3 howler monkeys
  5 electric eels
  4 jellies
  A gnoll bouda (D:7)
  5 hounds
  35 orc priests
  8 iguanas
  22 orc wizards
  A polar bear simulacrum (Lair:2)
  4 hell rats (Lair:3)
  A wolf simulacrum (Lair:2)
  Robin (D:4)
  9 gnolls
  12 adders
  2 shadow imps
  3 white imps
  2 ufetubi
  A worm (D:2)
  4 dart slugs
  79 orcs
  6 endoplasms
  2 giant cockroaches
  30 goblins
  7 hobgoblins
  5 jackals
  19 kobolds
  6 quokkas
  7 ball pythons
  5 bats
  3 frilled lizards
  7 rats
745 creatures vanquished.

Vanquished Creatures (others)
  A wizard (D:15)
  A basilisk (Lair:5)
  2 orc wizards
  20 fungi
  78 plants
102 creatures vanquished.

Grand Total: 847 creatures vanquished

Notes
Turn   | Place    | Note
-------+----------+-------------------------------------------
     0 | D:1      | qw the Gargoyle Fighter began the quest for the Orb.
     0 | D:1      | Reached XP level 1. HP: 14/14 MP: 1/1
     0 | D:1      | 0 ||| qw: Version: 0.2-a-13-gfc7b4b4
     0 | D:1      | 0 ||| qw: Game counter: 1690
     0 | D:1      | 0 ||| qw: Always use a shield: true
     0 | D:1      | 0 ||| qw: God list: Okawaru
     0 | D:1      | 0 ||| qw: Allow faded altars: false
     0 | D:1      | 0 ||| qw: Do Orc after D:15 true
     0 | D:1      | 0 ||| qw: Do second Lair branch before Depths: true
     0 | D:1      | 0 ||| qw: Lair rune preference: random
     0 | D:1      | 0 ||| qw: Plans: Normal, Zot:1-4, God:TSO, Crypt, Tomb,
                  | Pan, Slime:5, Hells, Abyss, Orb
     0 | D:1      | 0 ||| PLANNING D:1-11
   274 | D:1      | Reached skill level 2 in Axes
   327 | D:1      | 327 ||| Stepping ~*~*~tactically~*~*~ (stealth).
   336 | D:1      | 336 ||| Stepping ~*~*~tactically~*~*~ (stealth).
   337 | D:1      | 337 ||| Stepping ~*~*~tactically~*~*~ (stealth).
   338 | D:1      | 338 ||| Stepping ~*~*~tactically~*~*~ (stealth).
   341 | D:1      | Reached XP level 2. HP: 19/19 MP: 2/2
   342 | D:1      | 342 ||| UPGRADING to +0 pair of boots.
   441 | D:1      | 441 ||| DROPPING +0 club.
   784 | D:1      | 784 ||| Stepping ~*~*~tactically~*~*~ (stealth).
   786 | D:1      | 786 ||| Stepping ~*~*~tactically~*~*~ (stealth).
   793 | D:1      | 793 ||| Stepping ~*~*~tactically~*~*~ (stealth).
   857 | D:1      | Reached skill level 3 in Axes
  1008 | D:1      | Reached XP level 3. HP: 23/23 MP: 3/3
  1196 | D:1      | 1196 ||| DROPPING ring of magical power.
  1197 | D:1      | 1197 ||| READING scroll labelled XUYSHR HABBAOFF.
  1201 | D:1      | 1201 ||| READING 3 scrolls labelled VURUER ODUPTAG.
  1202 | D:1      | 1202 ||| READING scroll labelled LOICUE KOIMODOB.
  1203 | D:1      | 1203 ||| READING scroll labelled BOCAMU ECEAF.
  1204 | D:1      | 1204 ||| READING 2 scrolls of identify.
  1204 | D:1      | 1204 ||| IDENTIFYING smoky ruby potion
  1205 | D:1      | 1205 ||| DROPPING potion of invisibility.
  1240 | D:2      | 1240 ||| Stepping ~*~*~tactically~*~*~ (hiding).
  1409 | D:2      | 1409 ||| Stepping ~*~*~tactically~*~*~ (stealth).
  1410 | D:2      | 1410 ||| Stepping ~*~*~tactically~*~*~ (stealth).
  1432 | D:2      | 1432 ||| Stepping ~*~*~tactically~*~*~ (stealth).
  1662 | D:2      | 1662 ||| Stepping ~*~*~tactically~*~*~ (stealth).
  1669 | D:2      | Reached XP level 4. HP: 28/28 MP: 4/4
  1739 | D:2      | Reached skill level 4 in Axes
  1878 | D:2      | 1878 ||| Stepping ~*~*~tactically~*~*~ (stealth).
  1974 | D:2      | 1974 ||| DROPPING +0 whip of electrocution.
  2318 | D:2      | Found a runed translucent door.
  2319 | D:2      | Noticed Crazy Yiuf
  2375 | D:2      | 2375 ||| UPGRADING to +0 cloak.
  2380 | D:2      | 2380 ||| READING scroll labelled DIUTAA BIOT.
  2381 | D:2      | 2381 ||| READING 2 scrolls labelled RYXKIWN EMAFE.
  2382 | D:2      | 2382 ||| READING scroll labelled WOAS DO JUIHAI.
  2383 | D:2      | 2383 ||| READING scroll labelled QOWAUB KINLERRIY.
  2384 | D:2      | 2384 ||| READING scroll labelled COLYG UKOONYLU.
  2385 | D:2      | 2385 ||| DROPPING scroll of butterflies.
  2650 | D:3      | 2650 ||| Stepping ~*~*~tactically~*~*~ (stealth).
  2659 | D:3      | Reached XP level 5. HP: 32/32 MP: 5/5
  2744 | D:3      | 2744 ||| Stepping ~*~*~tactically~*~*~ (stealth).
  2754 | D:3      | 2754 ||| Stepping ~*~*~tactically~*~*~ (stealth).
  2897 | D:3      | Reached skill level 5 in Axes
  3027 | D:3      | 3027 ||| READING scroll of enchant armour.
  3027 | D:3      | 3027 ||| ENCHANTING +0 pair of boots.
  3288 | D:3      | Found a bloodstained altar of Trog.
  3360 | D:3      | 3360 ||| Stepping ~*~*~tactically~*~*~ (stealth).
  3362 | D:3      | 3362 ||| Stepping ~*~*~tactically~*~*~ (stealth).
  3367 | D:3      | Found a glowing golden altar of the Shining One.
  3447 | D:3      | 3447 ||| READING scroll labelled VINLOH WUZXIU.
  3448 | D:3      | 3448 ||| READING scroll labelled TYEMIQ GOPEODGH.
  3449 | D:3      | 3449 ||| DRINKING 3 amethyst potions.
  3450 | D:3      | 3450 ||| DRINKING 2 brown potions.
  3495 | D:3      | 3495 ||| READING 3 scrolls of identify.
  3495 | D:3      | 3495 ||| IDENTIFYING black potion
  3496 | D:3      | 3496 ||| READING 2 scrolls of identify.
  3496 | D:3      | 3496 ||| IDENTIFYING blue potion
  3497 | D:3      | 3497 ||| DROPPING potion of brilliance.
  3528 | D:4      | 3528 ||| Stepping ~*~*~tactically~*~*~ (stealth).
  3531 | D:4      | Noticed Robin
  3536 | D:4      | Killed Robin
  3970 | D:4      | Noticed Sigmund
  3984 | D:4      | Killed Sigmund
  3985 | D:4      | Reached XP level 6. HP: 28/38 MP: 6/6
  4164 | D:4      | Found a staircase to the Ecumenical Temple.
  4165 | D:4      | 4165 ||| PLANNING TEMPLE
  4165 | D:4      | 4165 ||| UPGRADING to +0 helmet.
  4170 | D:4      | 4170 ||| DROPPING ring of flight.
  4171 | D:4      | 4171 ||| DRINKING 2 bubbling purple potions.
  4172 | D:4      | 4172 ||| READING 2 scrolls of identify.
  4172 | D:4      | 4172 ||| IDENTIFYING sedimented purple potion
  4181 | Temple   | Entered the Ecumenical Temple
  4183 | Temple   | 4183 ||| PLANNING OKAWARU WORSHIP
  4220 | Temple   | Became a worshipper of Warmaster Okawaru
  4221 | Temple   | 4221 ||| PLANNING D:1-11
  4330 | D:4      | 4330 ||| Stepping ~*~*~tactically~*~*~ (stealth).
  4404 | D:4      | 4404 ||| Stepping ~*~*~tactically~*~*~ (hiding).
  4671 | D:5      | Entered Level 5 of the Dungeon
  4872 | D:5      | 4872 ||| Stepping ~*~*~tactically~*~*~ (stealth).
  4949 | D:5      | Noticed Pikel
  4965 | D:5      | Killed Pikel
  4965 | D:5      | Reached * piety under Okawaru
  4966 | D:5      | Reached skill level 7 in Axes
  4966 | D:5      | Reached XP level 7. HP: 16/43 MP: 7/7
  4966 | D:5      | Reached XP level 8. HP: 18/48 MP: 8/8
  5240 | D:5      | 5240 ||| INVOKING Heroism.
  5342 | D:5      | Reached skill level 1 in Invocations
  5342 | D:5      | 5342 ||| INVOKING Heroism.
  5372 | D:5      | Found an ornate altar of the Wu Jian Council.
  5395 | D:5      | Identified the +1 scale mail of Instinct {rPois rC+ Int-2}
  5413 | D:5      | 5413 ||| Stepping ~*~*~tactically~*~*~ (stealth).
  5414 | D:5      | 5414 ||| INVOKING Heroism.
  5694 | D:5      | Reached skill level 3 in Invocations
  5953 | D:5      | Reached ** piety under Okawaru
  5956 | D:5      | Reached skill level 1 in Throwing
  6006 | D:5      | 6006 ||| UPGRADING to +0 chain mail.
  6016 | D:5      | 6016 ||| DROPPING +0 scale mail.
  6017 | D:5      | 6017 ||| DROPPING scarf of shadows.
  6018 | D:5      | 6018 ||| UPGRADING to +0 kite shield.
  6028 | D:5      | 6028 ||| DROPPING +0 buckler.
  6029 | D:5      | 6029 ||| DROPPING amulet of faith.
  6030 | D:5      | 6030 ||| READING scroll labelled MAECRE FAYGAU.
  6030 | D:5      | Identified a scroll of acquirement
  6030 | D:5      | 6030 ||| ACQUIRING +10 plate armour of Action {Str-5 Int+8
                  | Dex+9 Slay-4}
  6030 | D:5      | Acquired the +10 plate armour of Action {Str-5 Int+8 Dex+9
                  | Slay-4}
  6032 | D:5      | 6032 ||| UPGRADING to +10 plate armour of Action {Str-5
                  | Int+8 Dex+9 Slay-4}.
  6042 | D:5      | 6042 ||| DROPPING +0 chain mail.
  6043 | D:5      | 6043 ||| DROPPING +1 scale mail of Instinct {rPois rC+
                  | Int-2}.
  6044 | D:5      | 6044 ||| READING scroll labelled ROIWOFFEAPN.
  6122 | D:6      | 6122 ||| FLEEEEING.
  6123 | D:6      | 6123 ||| FLEEEEING.
  6124 | D:6      | 6124 ||| STAIRDANCE
  6169 | D:6      | 6169 ||| Stepping ~*~*~tactically~*~*~ (stealth).
  6170 | D:6      | 6170 ||| Stepping ~*~*~tactically~*~*~ (stealth).
  6177 | D:6      | 6177 ||| Stepping ~*~*~tactically~*~*~ (stealth).
  6178 | D:6      | 6178 ||| Stepping ~*~*~tactically~*~*~ (stealth).
  6254 | D:6      | 6254 ||| INVOKING Heroism.
  6547 | D:6      | 6547 ||| Stepping ~*~*~tactically~*~*~ (stealth).
  6550 | D:6      | 6550 ||| Stepping ~*~*~tactically~*~*~ (hiding).
  6553 | D:6      | 6553 ||| INVOKING Heroism.
  6570 | D:6      | 6570 ||| Stepping ~*~*~tactically~*~*~ (hiding).
  6650 | D:6      | 6650 ||| INVOKING Heroism.
  6658 | D:6      | Reached XP level 9. HP: 54/54 MP: 10/12
  6706 | D:6      | 6706 ||| Stepping ~*~*~tactically~*~*~ (stealth).
  6707 | D:6      | 6707 ||| Stepping ~*~*~tactically~*~*~ (stealth).
  6708 | D:6      | 6708 ||| Stepping ~*~*~tactically~*~*~ (stealth).
  6761 | D:6      | Found a blossoming altar of Fedhas.
  6808 | D:6      | 6808 ||| Stepping ~*~*~tactically~*~*~ (stealth).
  6817 | D:6      | Reached skill level 6 in Shields
  6819 | D:6      | 6819 ||| DROPPING +0 flail.
  6863 | D:6      | 6863 ||| INVOKING Heroism.
  6865 | D:6      | 6865 ||| READING scroll labelled SAGYH LAYCKOCH.
  6866 | D:6      | 6866 ||| READING 3 scrolls of identify.
  6866 | D:6      | 6866 ||| IDENTIFYING green potion
  6867 | D:6      | 6867 ||| READING 2 scrolls of identify.
  6867 | D:6      | 6867 ||| IDENTIFYING smoky black potion
  7306 | D:6      | 7306 ||| UPGRADING to +0 pair of gloves.
  7311 | D:6      | 7311 ||| DROPPING potion of degeneration.
  7328 | D:7      | 7328 ||| INVOKING Heroism.
  7329 | D:7      | 7329 ||| STAIRDANCE
  7345 | D:7      | 7345 ||| STAIRDANCE
  7416 | D:7      | 7416 ||| INVOKING Heroism.
  7501 | D:7      | 7501 ||| INVOKING Heroism.
  7710 | D:7      | Reached *** piety under Okawaru
  7724 | D:7      | Reached skill level 8 in Axes
  7842 | D:7      | 7842 ||| Stepping ~*~*~tactically~*~*~ (stealth).
  7897 | D:7      | Reached skill level 6 in Armour
  8008 | D:7      | 8008 ||| Stepping ~*~*~tactically~*~*~ (stealth).
  8010 | D:7      | 8010 ||| Stepping ~*~*~tactically~*~*~ (stealth).
  8383 | D:7      | 8383 ||| INVOKING Heroism.
  8399 | D:7      | Reached skill level 6 in Fighting
  8521 | D:7      | Noticed a kobold demonologist
  8522 | D:7      | 8522 ||| INVOKING Heroism.
  8527 | D:7      | 8527 ||| DRINKING 2 lumpy red potions.
  8528 | D:7      | 8528 ||| READING 2 scrolls of identify.
  8528 | D:7      | 8528 ||| IDENTIFYING fizzy emerald potion
  8529 | D:7      | 8529 ||| DRINKING potion of experience.
  8529 | D:7      | Reached XP level 10. HP: 60/60 MP: 11/13
  8530 | D:7      | 8530 ||| DROPPING potion of flight.
  8531 | D:7      | 8531 ||| READING scroll of teleportation.
  8603 | D:7      | Identified the +5 quarterstaff "Rurabuj" {vorpal, +Blink
                  | Will+ Dex+2}
  8606 | D:7      | 8606 ||| Stepping ~*~*~tactically~*~*~ (hiding).
  8608 | D:7      | 8608 ||| Stepping ~*~*~tactically~*~*~ (hiding).
  8638 | D:7      | Noticed a sixfirhy
  8642 | D:7      | Noticed a rust devil
  8643 | D:7      | Killed a kobold demonologist
  8644 | D:7      | Reached XP level 11. HP: 58/64 MP: 14/14
  8674 | D:7      | 8674 ||| Stepping randomly (stuck).
  8677 | D:7      | 8677 ||| Stepping randomly (stuck).
  8678 | D:7      | 8678 ||| Stepping randomly (stuck).
  8679 | D:7      | 8679 ||| Stepping randomly (stuck).
  8680 | D:7      | 8680 ||| Stepping randomly (stuck).
  8681 | D:7      | 8681 ||| Stepping randomly (stuck).
  8682 | D:7      | 8682 ||| Stepping randomly (stuck).
  8683 | D:7      | 8683 ||| Stepping randomly (stuck).
  8684 | D:7      | 8684 ||| Stepping randomly (stuck).
  8685 | D:7      | 8685 ||| Stepping randomly (stuck).
  8686 | D:7      | 8686 ||| Stepping randomly (stuck).
  8687 | D:7      | 8687 ||| Stepping randomly (stuck).
  8688 | D:7      | 8688 ||| Stepping randomly (stuck).
  8689 | D:7      | 8689 ||| Stepping randomly (stuck).
  8690 | D:7      | 8690 ||| Stepping randomly (stuck).
  8691 | D:7      | 8691 ||| Stepping randomly (stuck).
  8692 | D:7      | 8692 ||| Stepping randomly (stuck).
  8693 | D:7      | 8693 ||| Stepping randomly (stuck).
  8694 | D:7      | 8694 ||| Stepping randomly (stuck).
  8695 | D:7      | 8695 ||| Stepping randomly (stuck).
  8696 | D:7      | 8696 ||| Stepping randomly (stuck).
  8697 | D:7      | 8697 ||| Stepping randomly (stuck).
  8698 | D:7      | 8698 ||| Stepping randomly (stuck).
  8699 | D:7      | 8699 ||| Stepping randomly (stuck).
  8700 | D:7      | 8700 ||| Stepping randomly (stuck).
  8701 | D:7      | 8701 ||| Stepping randomly (stuck).
  8702 | D:7      | 8702 ||| Stepping randomly (stuck).
  8705 | D:7      | 8705 ||| Stepping randomly (stuck).
  8706 | D:7      | 8706 ||| Stepping randomly (stuck).
  8707 | D:7      | 8707 ||| Stepping randomly (stuck).
  8708 | D:7      | 8708 ||| Stepping randomly (stuck).
  8709 | D:7      | 8709 ||| Stepping randomly (stuck).
  8710 | D:7      | 8710 ||| Stepping randomly (stuck).
  8711 | D:7      | 8711 ||| Stepping randomly (stuck).
  8712 | D:7      | 8712 ||| Stepping randomly (stuck).
  8713 | D:7      | 8713 ||| Stepping randomly (stuck).
  8714 | D:7      | 8714 ||| Stepping randomly (stuck).
  8715 | D:7      | 8715 ||| Stepping randomly (stuck).
  8716 | D:7      | 8716 ||| Stepping randomly (stuck).
  8717 | D:7      | 8717 ||| Stepping randomly (stuck).
  8718 | D:7      | 8718 ||| Stepping randomly (stuck).
  8719 | D:7      | 8719 ||| Stepping randomly (stuck).
  8720 | D:7      | 8720 ||| Stepping randomly (stuck).
  8721 | D:7      | 8721 ||| Stepping randomly (stuck).
  8723 | D:7      | 8723 ||| Stepping randomly (stuck).
  8725 | D:7      | 8725 ||| Stepping randomly (stuck).
  8726 | D:7      | 8726 ||| Stepping randomly (stuck).
  8727 | D:7      | 8727 ||| Stepping randomly (stuck).
  8728 | D:7      | 8728 ||| Stepping randomly (stuck).
  8729 | D:7      | 8729 ||| Stepping randomly (stuck).
  8730 | D:7      | 8730 ||| Stepping randomly (stuck).
  8731 | D:7      | 8731 ||| Stepping randomly (stuck).
  8733 | D:7      | 8733 ||| Stepping randomly (stuck).
  8734 | D:7      | 8734 ||| Stepping randomly (stuck).
  8735 | D:7      | 8735 ||| Stepping randomly (stuck).
  8736 | D:7      | 8736 ||| Stepping randomly (stuck).
  8737 | D:7      | 8737 ||| Stepping randomly (stuck).
  9004 | D:8      | 9004 ||| INVOKING Heroism.
  9016 | D:8      | 9016 ||| DRINKING 3 potions of curing.
  9016 | D:8      | 9016 ||| (to cure confusion)
  9019 | D:8      | 9019 ||| STAIRDANCE
  9070 | D:8      | 9070 ||| STAIRDANCE
  9087 | D:8      | 9087 ||| STAIRDANCE
  9095 | D:8      | 9095 ||| STAIRDANCE
  9103 | D:8      | 9103 ||| STAIRDANCE
  9118 | D:8      | 9118 ||| INVOKING Heroism.
  9133 | D:8      | 9133 ||| FLEEEEING.
  9134 | D:8      | 9134 ||| FLEEEEING.
  9136 | D:8      | 9136 ||| STAIRDANCE
  9342 | D:8      | 9342 ||| INVOKING Heroism.
  9343 | D:8      | 9343 ||| Stepping ~*~*~tactically~*~*~ (stealth).
  9503 | D:8      | Found a sacrificial altar of Ru.
  9515 | D:8      | 9515 ||| INVOKING Heroism.
  9568 | D:8      | Found a white marble altar of Elyvilon.
  9654 | D:8      | 9654 ||| Stepping ~*~*~tactically~*~*~ (stealth).
  9659 | D:8      | 9659 ||| Stepping ~*~*~tactically~*~*~ (stealth).
  9662 | D:8      | 9662 ||| Stepping ~*~*~tactically~*~*~ (stealth).
  9681 | D:8      | 9681 ||| Stepping ~*~*~tactically~*~*~ (stealth).
  9695 | D:8      | 9695 ||| INVOKING Heroism.
  9702 | D:8      | Reached skill level 9 in Axes
  9800 | D:8      | Found a snail-covered altar of Cheibriados.
  9806 | D:8      | 9806 ||| INVOKING Heroism.
  9808 | D:8      | 9808 ||| Stepping ~*~*~tactically~*~*~ (hiding).
  9809 | D:8      | 9809 ||| Stepping ~*~*~tactically~*~*~ (hiding).
  9821 | D:8      | Reached **** piety under Okawaru
  9942 | D:8      | 9942 ||| READING scroll labelled QUPAIV LANG.
  9980 | D:9      | 9980 ||| Stepping ~*~*~tactically~*~*~ (hiding).
  9986 | D:9      | 9986 ||| INVOKING Heroism.
 10183 | D:9      | 10183 ||| Stepping ~*~*~tactically~*~*~ (hiding).
 10185 | D:9      | 10185 ||| Stepping ~*~*~tactically~*~*~ (hiding).
 10188 | D:9      | 10188 ||| INVOKING Heroism.
 10319 | D:9      | Noticed Maurice
 10320 | D:9      | 10320 ||| Stepping ~*~*~tactically~*~*~ (stealth).
 10322 | D:9      | 10322 ||| Stepping ~*~*~tactically~*~*~ (hiding).
 10347 | D:9      | Killed Maurice
 10390 | D:9      | 10390 ||| Stepping ~*~*~tactically~*~*~ (stealth).
 10391 | D:9      | 10391 ||| Stepping ~*~*~tactically~*~*~ (stealth).
 10395 | D:9      | 10395 ||| INVOKING Heroism.
 10637 | D:9      | 10637 ||| INVOKING Heroism.
 10683 | D:9      | 10683 ||| Stepping ~*~*~tactically~*~*~ (stealth).
 10684 | D:9      | 10684 ||| Stepping ~*~*~tactically~*~*~ (stealth).
 10685 | D:9      | 10685 ||| Stepping ~*~*~tactically~*~*~ (stealth).
 10687 | D:9      | 10687 ||| INVOKING Heroism.
 10715 | D:9      | Noticed a soul eater
 10717 | D:9      | 10717 ||| INVOKING Heroism.
 10847 | D:9      | Found a staircase to the Lair.
 10849 | D:9      | 10849 ||| INVOKING Heroism.
 10878 | D:9      | 10878 ||| INVOKING Heroism.
 10978 | D:9      | Noticed a two-headed ogre
 10980 | D:9      | 10980 ||| INVOKING Heroism.
 10981 | D:9      | 10981 ||| Stepping ~*~*~tactically~*~*~ (stealth).
 10983 | D:9      | 10983 ||| Stepping ~*~*~tactically~*~*~ (stealth).
 10993 | D:9      | Killed a two-headed ogre
 10994 | D:9      | Reached skill level 6 in Invocations
 11064 | D:9      | 11064 ||| FLEEEEING.
 11125 | D:9      | Noticed Psyche
 11126 | D:9      | 11126 ||| INVOKING Heroism.
 11138 | D:9      | Killed Psyche
 11193 | D:9      | 11193 ||| Stepping ~*~*~tactically~*~*~ (stealth).
 11195 | D:9      | 11195 ||| Stepping ~*~*~tactically~*~*~ (stealth).
 11196 | D:9      | Noticed a two-headed ogre
 11197 | D:9      | 11197 ||| INVOKING Heroism.
 11208 | D:9      | Received a gift from Okawaru
 11211 | D:9      | Killed a two-headed ogre
 11409 | D:9      | 11409 ||| READING scroll of enchant armour.
 11409 | D:9      | 11409 ||| ENCHANTING +0 pair of gloves.
 11422 | D:9      | 11422 ||| READING scroll of acquirement.
 11422 | D:9      | 11422 ||| ACQUIRING +1 pair of boots of Zysyecw {rN+}
 11422 | D:9      | Acquired the +1 pair of boots of Zysyecw {rN+}
 11424 | D:9      | 11424 ||| UPGRADING to +2 cloak.
 11434 | D:9      | 11434 ||| DROPPING +0 cloak.
 11435 | D:9      | 11435 ||| UPGRADING to +1 pair of boots of Zysyecw {rN+}.
 11445 | D:9      | 11445 ||| DROPPING +1 pair of boots.
 11664 | D:9      | Found a sparkling altar of Nemelex Xobeh.
 11707 | D:9      | 11707 ||| INVOKING Heroism.
 11942 | D:9      | 11942 ||| PLANNING LAIR
 11942 | D:9      | 11942 ||| UPGRADING to ring of positive energy.
 11943 | D:9      | 11943 ||| READING scroll labelled NERURA CYLU.
 11944 | D:9      | 11944 ||| READING 3 scrolls of identify.
 11944 | D:9      | 11944 ||| IDENTIFYING sedimented golden potion
 11945 | D:9      | 11945 ||| READING 2 scrolls of identify.
 11945 | D:9      | 11945 ||| IDENTIFYING bubbling emerald potion
 11946 | D:9      | 11946 ||| DROPPING potion of ambrosia.
 12044 | Lair:1   | Entered Level 1 of the Lair of Beasts
 12096 | Lair:1   | 12096 ||| INVOKING Heroism.
 12112 | Lair:1   | Reached XP level 12. HP: 61/72 MP: 17/17
 12208 | Lair:1   | 12208 ||| INVOKING Heroism.
 12241 | Lair:1   | Reached skill level 10 in Axes
 12343 | Lair:1   | Reached ***** piety under Okawaru
 12345 | Lair:1   | 12345 ||| INVOKING Heroism.
 12480 | Lair:1   | 12480 ||| READING scroll of brand weapon.
 12480 | Lair:1   | 12480 ||| BRANDING +1 war axe of venom.
 12561 | Lair:1   | 12561 ||| INVOKING Heroism.
 12597 | Lair:1   | 12597 ||| INVOKING Heroism.
 12673 | Lair:1   | 12673 ||| Stepping ~*~*~tactically~*~*~ (stealth).
 12674 | Lair:1   | 12674 ||| INVOKING Heroism.
 12881 | Lair:1   | 12881 ||| INVOKING Heroism.
 13185 | Lair:1   | 13185 ||| DROPPING amulet of magic regeneration.
 13220 | Lair:2   | 13220 ||| INVOKING Heroism.
 13221 | Lair:2   | 13221 ||| STAIRDANCE
 13230 | Lair:1   | Reached skill level 9 in Invocations
 13235 | Lair:2   | 13235 ||| STAIRDANCE
 13285 | Lair:2   | 13285 ||| STAIRDANCE
 13360 | Lair:2   | 13360 ||| STAIRDANCE
 13432 | Lair:2   | 13432 ||| Stepping ~*~*~tactically~*~*~ (hiding).
 13433 | Lair:2   | 13433 ||| Stepping ~*~*~tactically~*~*~ (hiding).
 13450 | Lair:2   | 13450 ||| INVOKING Heroism.
 13473 | Lair:2   | Noticed a catoblepas
 13474 | Lair:2   | 13474 ||| Stepping ~*~*~tactically~*~*~ (stealth).
 13503 | Lair:2   | 13503 ||| Stepping ~*~*~tactically~*~*~ (stealth).
 13604 | Lair:2   | 13604 ||| INVOKING Heroism.
 13605 | Lair:2   | 13605 ||| Stepping ~*~*~tactically~*~*~ (hiding).
 13607 | Lair:2   | 13607 ||| Stepping ~*~*~tactically~*~*~ (hiding).
 13608 | Lair:2   | 13608 ||| INVOKING Finesse.
 13609 | Lair:2   | 13609 ||| INVOKING Finesse.
 13633 | Lair:2   | Killed a catoblepas
 13767 | Lair:2   | Identified the +4 scale mail "Kamas" {rCorr SInv}
 13774 | Lair:2   | Found a hole to the Spider Nest.
 13775 | Lair:2   | 13775 ||| INVOKING Heroism.
 13938 | Lair:2   | 13938 ||| Stepping ~*~*~tactically~*~*~ (stealth).
 13942 | Lair:2   | 13942 ||| Stepping ~*~*~tactically~*~*~ (stealth).
 13943 | Lair:2   | 13943 ||| Stepping ~*~*~tactically~*~*~ (stealth).
 13946 | Lair:2   | 13946 ||| Stepping ~*~*~tactically~*~*~ (stealth).
 13947 | Lair:2   | 13947 ||| INVOKING Heroism.
 13962 | Lair:2   | Identified the +9 plate armour "Fiplefent" {rN+ Dex+2}
                  | (Okawaru gifted it to you on level 2 of the Lair of Beasts)
 13962 | Lair:2   | Received a gift from Okawaru
 14118 | Lair:2   | 14118 ||| Stepping ~*~*~tactically~*~*~ (stealth).
 14189 | Lair:2   | 14189 ||| INVOKING Heroism.
 14196 | Lair:2   | Reached skill level 11 in Axes
 14227 | Lair:2   | 14227 ||| DRINKING potion of experience.
 14227 | Lair:2   | Reached XP level 13. HP: 78/78 MP: 20/20
 14257 | Lair:2   | 14257 ||| Stepping ~*~*~tactically~*~*~ (stealth).
 14263 | Lair:2   | 14263 ||| Stepping ~*~*~tactically~*~*~ (stealth).
 14264 | Lair:2   | 14264 ||| Stepping ~*~*~tactically~*~*~ (stealth).
 14266 | Lair:2   | 14266 ||| Stepping ~*~*~tactically~*~*~ (stealth).
 14300 | Lair:2   | 14300 ||| Stepping ~*~*~tactically~*~*~ (stealth).
 14365 | Lair:2   | 14365 ||| INVOKING Heroism.
 14369 | Lair:2   | 14369 ||| Stepping ~*~*~tactically~*~*~ (stealth).
 14383 | Lair:2   | 14383 ||| Stepping ~*~*~tactically~*~*~ (stealth).
 14440 | Lair:2   | 14440 ||| INVOKING Heroism.
 14445 | Lair:2   | Gained mutation: Your large and strong wings let you fly.
                  | [Gargoyle growth]
 14445 | Lair:2   | Reached XP level 14. HP: 45/84 MP: 18/21
 14608 | Lair:2   | 14608 ||| Stepping ~*~*~tactically~*~*~ (stealth).
 14631 | Lair:2   | Reached skill level 9 in Fighting
 14649 | Lair:2   | 14649 ||| Stepping ~*~*~tactically~*~*~ (stealth).
 14717 | Lair:2   | 14717 ||| READING scroll of enchant weapon.
 14717 | Lair:2   | 14717 ||| ENCHANTING +1 war axe of protection.
 14929 | Lair:2   | 14929 ||| INVOKING Heroism.
 15274 | Lair:2   | 15274 ||| UPGRADING to +9 plate armour "Fiplefent" {rN+
                  | Dex+2}.
 15284 | Lair:2   | 15284 ||| REMOVING ring of positive energy.
 15285 | Lair:2   | 15285 ||| DROPPING +10 plate armour of Action {Str-5 Int+8
                  | Dex+9 Slay-4}.
 15557 | Lair:3   | 15557 ||| READING scroll of enchant weapon.
 15557 | Lair:3   | 15557 ||| ENCHANTING +2 war axe of protection.
 15625 | Lair:3   | 15625 ||| INVOKING Heroism.
 15740 | Lair:3   | Found a staircase to the Shoals.
 15796 | Lair:3   | 15796 ||| INVOKING Heroism.
 15822 | Lair:3   | 15822 ||| Stepping ~*~*~tactically~*~*~ (stealth).
 16374 | Lair:3   | 16374 ||| READING 2 scrolls of identify.
 16374 | Lair:3   | 16374 ||| IDENTIFYING smoky grey potion
 16571 | Lair:4   | 16571 ||| INVOKING Heroism.
 16579 | Lair:4   | 16579 ||| Stepping ~*~*~tactically~*~*~ (stealth).
 16585 | Lair:4   | Reached skill level 3 in Throwing
 16692 | Lair:4   | 16692 ||| INVOKING Heroism.
 16719 | Lair:4   | Reached skill level 12 in Axes
 17005 | Lair:4   | 17005 ||| INVOKING Heroism.
 17006 | Lair:4   | 17006 ||| INVOKING Finesse.
 17135 | Lair:4   | 17135 ||| UPGRADING to amulet of reflection.
 17140 | Lair:4   | 17140 ||| UPGRADING to ring of see invisible.
 17184 | Lair:5   | Entered Level 5 of the Lair of Beasts
 17185 | Lair:5   | 17185 ||| INVOKING Heroism.
 17186 | Lair:5   | 17186 ||| STAIRDANCE
 17215 | Lair:5   | 17215 ||| STAIRDANCE
 17233 | Lair:4   | 17233 ||| INVOKING Heroism.
 17234 | Lair:4   | Received a gift from Okawaru
 17397 | Lair:5   | 17397 ||| STAIRDANCE
 17399 | Lair:4   | 17399 ||| INVOKING Heroism.
 17400 | Lair:4   | 17400 ||| SWAPPING to +3 morningstar of freezing.
 17405 | Lair:4   | 17405 ||| Stepping ~*~*~tactically~*~*~ (outnumbered).
 17406 | Lair:4   | 17406 ||| Stepping ~*~*~tactically~*~*~ (outnumbered).
 17407 | Lair:4   | 17407 ||| Stepping ~*~*~tactically~*~*~ (outnumbered).
 17408 | Lair:4   | 17408 ||| Stepping ~*~*~tactically~*~*~ (outnumbered).
 17409 | Lair:4   | 17409 ||| Stepping ~*~*~tactically~*~*~ (outnumbered).
 17410 | Lair:4   | 17410 ||| Stepping ~*~*~tactically~*~*~ (outnumbered).
 17412 | Lair:4   | 17412 ||| Stepping ~*~*~tactically~*~*~ (outnumbered).
 17414 | Lair:4   | 17414 ||| Stepping ~*~*~tactically~*~*~ (outnumbered).
 17415 | Lair:4   | 17415 ||| Stepping ~*~*~tactically~*~*~ (outnumbered).
 17418 | Lair:4   | 17418 ||| Stepping ~*~*~tactically~*~*~ (outnumbered).
 17419 | Lair:4   | 17419 ||| Stepping ~*~*~tactically~*~*~ (outnumbered).
 17420 | Lair:4   | 17420 ||| Stepping ~*~*~tactically~*~*~ (outnumbered).
 17420 | Lair:4   | HP: 17/88 [eight-headed hydra (8)]
 17421 | Lair:4   | 17421 ||| READING 4 scrolls of teleportation.
 17422 | Lair:4   | 17422 ||| DRINKING 2 potions of heal wounds.
 17423 | Lair:4   | 17423 ||| Stepping ~*~*~tactically~*~*~ (outnumbered).
 17424 | Lair:4   | 17424 ||| SWAPPING to +3 war axe of protection.
 17429 | Lair:4   | 17429 ||| FLEEEEING.
 17430 | Lair:4   | 17430 ||| FLEEEEING.
 17431 | Lair:4   | 17431 ||| FLEEEEING.
 17432 | Lair:4   | 17432 ||| FLEEEEING.
 17433 | Lair:4   | 17433 ||| FLEEEEING.
 17434 | Lair:4   | 17434 ||| FLEEEEING.
 17441 | Lair:4   | 17441 ||| FLEEEEING.
 17442 | Lair:4   | 17442 ||| FLEEEEING.
 17443 | Lair:4   | 17443 ||| FLEEEEING.
 17444 | Lair:4   | 17444 ||| FLEEEEING.
 17446 | Lair:4   | 17446 ||| FLEEEEING.
 17447 | Lair:4   | 17447 ||| FLEEEEING.
 17448 | Lair:4   | 17448 ||| FLEEEEING.
 17449 | Lair:4   | 17449 ||| FLEEEEING.
 17451 | Lair:4   | 17451 ||| STAIRDANCE
 17646 | Lair:4   | 17646 ||| STAIRDANCE
 17685 | Lair:4   | 17685 ||| Stepping ~*~*~tactically~*~*~ (stealth).
 17688 | Lair:4   | 17688 ||| INVOKING Heroism.
 17692 | Lair:4   | 17692 ||| Stepping ~*~*~tactically~*~*~ (stealth).
 17753 | Lair:5   | 17753 ||| INVOKING Heroism.
 17777 | Lair:5   | Reached skill level 13 in Axes
 17783 | Lair:5   | 17783 ||| FLEEEEING.
 17784 | Lair:5   | 17784 ||| FLEEEEING.
 17785 | Lair:5   | 17785 ||| STAIRDANCE
 17992 | Lair:5   | 17992 ||| STAIRDANCE
 18028 | Lair:5   | 18028 ||| STAIRDANCE
 18069 | Lair:5   | 18069 ||| STAIRDANCE
 18090 | Lair:5   | Received a gift from Okawaru
 18126 | Lair:5   | 18126 ||| Stepping ~*~*~tactically~*~*~ (stealth).
 18129 | Lair:5   | 18129 ||| Stepping ~*~*~tactically~*~*~ (stealth).
 18139 | Lair:5   | 18139 ||| INVOKING Heroism.
 18346 | Lair:5   | 18346 ||| INVOKING Heroism.
 18347 | Lair:5   | 18347 ||| INVOKING Finesse.
 18349 | Lair:5   | 18349 ||| SWAPPING to +3 morningstar of freezing.
 18355 | Lair:5   | 18355 ||| SWAPPING to +3 war axe of protection.
 18418 | Lair:5   | 18418 ||| INVOKING Heroism.
 18419 | Lair:5   | 18419 ||| INVOKING Finesse.
 18421 | Lair:5   | 18421 ||| SWAPPING to +3 morningstar of freezing.
 18427 | Lair:5   | 18427 ||| Stepping ~*~*~tactically~*~*~ (stealth).
 18428 | Lair:5   | 18428 ||| Stepping ~*~*~tactically~*~*~ (stealth).
 18431 | Lair:5   | 18431 ||| SWAPPING to +3 war axe of protection.
 18475 | Lair:5   | Found a runed translucent gate.
 18475 | Lair:5   | Found a runed translucent gate.
 18475 | Lair:5   | Found a runed translucent gate.
 18476 | Lair:5   | Noticed qw's ghost (journeyman GrFi)
 18505 | Lair:5   | 18505 ||| INVOKING Heroism.
 18512 | Lair:5   | 18512 ||| Stepping ~*~*~tactically~*~*~ (stealth).
 18577 | Lair:5   | Reached skill level 14 in Axes
 18607 | Lair:5   | 18607 ||| INVOKING Heroism.
 18612 | Lair:5   | Reached XP level 15. HP: 82/92 MP: 19/22
 18639 | Lair:5   | 18639 ||| INVOKING Heroism.
 18772 | Lair:5   | Identified the +2 robe of Weirdness {rF+ Dex+4 SInv}
 18792 | Lair:5   | Found a staircase to the Slime Pits.
 18792 | Lair:5   | Found a viscous altar of Jiyva.
 18828 | Lair:5   | 18828 ||| READING scroll of enchant weapon.
 18828 | Lair:5   | 18828 ||| ENCHANTING +3 war axe of protection.
 18888 | Lair:5   | Found a runed translucent door.
 18929 | Lair:5   | 18929 ||| FLEEEEING.
 18930 | Lair:5   | 18930 ||| FLEEEEING.
 18931 | Lair:5   | 18931 ||| FLEEEEING.
 18932 | Lair:5   | 18932 ||| FLEEEEING.
 18933 | Lair:5   | 18933 ||| FLEEEEING.
 18934 | Lair:5   | 18934 ||| FLEEEEING.
 18935 | Lair:5   | 18935 ||| FLEEEEING.
 18936 | Lair:5   | 18936 ||| FLEEEEING.
 18937 | Lair:5   | 18937 ||| FLEEEEING.
 18938 | Lair:5   | 18938 ||| FLEEEEING.
 18939 | Lair:5   | 18939 ||| FLEEEEING.
 18940 | Lair:5   | 18940 ||| FLEEEEING.
 18941 | Lair:5   | 18941 ||| FLEEEEING.
 18942 | Lair:5   | 18942 ||| FLEEEEING.
 18967 | Lair:5   | 18967 ||| FLEEEEING.
 18971 | Lair:5   | 18971 ||| INVOKING Heroism.
 18989 | Lair:5   | HP: 19/94 [torpor snail (14)]
 18990 | Lair:5   | 18990 ||| READING 3 scrolls of teleportation.
 18990 | Lair:5   | HP: 5/94 [lindwurm/blast of flame (14)]
 18991 | Lair:5   | 18991 ||| DRINKING potion of heal wounds.
 18994 | Lair:5   | Reached skill level 3 in Dodging
 19328 | Lair:5   | 19328 ||| INVOKING Heroism.
 19329 | Lair:5   | 19329 ||| INVOKING Finesse.
 19331 | Lair:5   | 19331 ||| SWAPPING to +3 morningstar of freezing.
 19333 | Lair:5   | 19333 ||| SWAPPING to +4 war axe of protection.
 19401 | Lair:5   | 19401 ||| Stepping ~*~*~tactically~*~*~ (hiding).
 19402 | Lair:5   | 19402 ||| Stepping ~*~*~tactically~*~*~ (hiding).
 19460 | Lair:5   | 19460 ||| Stepping ~*~*~tactically~*~*~ (hiding).
 19471 | Lair:5   | Identified the +7 hand axe of Ryban {freeze, Str+4 Int+4
                  | Dex+3}
 19483 | Lair:5   | 19483 ||| Stepping ~*~*~tactically~*~*~ (hiding).
 19485 | Lair:5   | 19485 ||| INVOKING Heroism.
 19532 | Lair:5   | 19532 ||| INVOKING Heroism.
 19571 | Lair:5   | 19571 ||| FLEEEEING.
 19572 | Lair:5   | 19572 ||| FLEEEEING.
 19732 | Lair:5   | 19732 ||| Stepping ~*~*~tactically~*~*~ (stealth).
 19868 | Lair:5   | 19868 ||| FLEEEEING.
 19869 | Lair:5   | 19869 ||| FLEEEEING.
 19870 | Lair:5   | 19870 ||| FLEEEEING.
 19871 | Lair:5   | 19871 ||| FLEEEEING.
 19872 | Lair:5   | 19872 ||| FLEEEEING.
 19873 | Lair:5   | 19873 ||| FLEEEEING.
 19874 | Lair:5   | 19874 ||| FLEEEEING.
 19875 | Lair:5   | 19875 ||| FLEEEEING.
 19876 | Lair:5   | 19876 ||| FLEEEEING.
 19877 | Lair:5   | 19877 ||| FLEEEEING.
 19878 | Lair:5   | 19878 ||| FLEEEEING.
 19879 | Lair:5   | 19879 ||| FLEEEEING.
 19881 | Lair:5   | 19881 ||| FLEEEEING.
 19920 | Lair:5   | 19920 ||| INVOKING Heroism.
 20382 | Lair:5   | 20382 ||| FLEEEEING.
 20383 | Lair:5   | 20383 ||| FLEEEEING.
 20422 | Lair:5   | 20422 ||| PLANNING D:1-11
 20451 | Lair:5   | 20451 ||| FLEEEEING.
 20452 | Lair:5   | 20452 ||| FLEEEEING.
 20453 | Lair:5   | 20453 ||| STAIRDANCE
 20551 | D:10     | Entered Level 10 of the Dungeon
 20554 | D:10     | Noticed Gastronok
 20557 | D:10     | 20557 ||| INVOKING Heroism.
 20569 | D:10     | Identified the +6 scale mail "Upieqell" {rC++ Int-4}
                  | (Okawaru gifted it to you on level 10 of the Dungeon)
 20569 | D:10     | Received a gift from Okawaru
 20572 | D:10     | Killed Gastronok
 20574 | D:10     | Reached skill level 15 in Axes
 20591 | D:10     | 20591 ||| INVOKING Heroism.
 20914 | D:11     | 20914 ||| PLANNING GAUNTLET
 20932 | D:11     | 20932 ||| READING 5 scrolls of teleportation.
 21039 | D:11     | 21039 ||| Stepping ~*~*~tactically~*~*~ (stealth).
 21061 | D:11     | 21061 ||| READING 4 scrolls of teleportation.
 21204 | D:11     | 21204 ||| Stepping ~*~*~tactically~*~*~ (stealth).
 21221 | D:11     | 21221 ||| READING 3 scrolls of teleportation.
 21302 | D:11     | 21302 ||| Stepping ~*~*~tactically~*~*~ (stealth).
 21303 | D:11     | 21303 ||| Stepping ~*~*~tactically~*~*~ (stealth).
 21354 | D:11     | 21354 ||| RIP GAUNTLET
 21355 | D:11     | 21355 ||| PLANNING D:1-11
 21387 | D:11     | Identified the +0 hat of Cowardice {rN+ Str+2}
 21516 | D:11     | 21516 ||| Stepping ~*~*~tactically~*~*~ (stealth).
 21721 | D:11     | 21721 ||| PLANNING D
 21721 | D:11     | 21721 ||| DROPPING +0 hat of Cowardice {rN+ Str+2}.
 21722 | D:11     | 21722 ||| UPGRADING to +6 ring of dexterity.
 21723 | D:11     | 21723 ||| DROPPING ring of positive energy.
 21760 | D:12     | 21760 ||| Stepping ~*~*~tactically~*~*~ (stealth).
 21778 | D:12     | 21778 ||| Stepping ~*~*~tactically~*~*~ (stealth).
 21779 | D:12     | Noticed Josephine
 21780 | D:12     | 21780 ||| Stepping ~*~*~tactically~*~*~ (stealth).
 21781 | D:12     | 21781 ||| Stepping ~*~*~tactically~*~*~ (stealth).
 21787 | D:12     | 21787 ||| INVOKING Heroism.
 21798 | D:12     | Killed Josephine
 21840 | D:12     | Noticed Kirke
 21841 | D:12     | 21841 ||| INVOKING Heroism.
 21842 | D:12     | 21842 ||| INVOKING Finesse.
 21854 | D:12     | Noticed a sphinx
 21858 | D:12     | 21858 ||| DRINKING 2 potions of cancellation.
 21867 | D:12     | Killed Kirke
 21947 | D:12     | 21947 ||| Stepping ~*~*~tactically~*~*~ (stealth).
 22013 | D:12     | 22013 ||| Stepping ~*~*~tactically~*~*~ (stealth).
 22020 | D:12     | Reached skill level 12 in Fighting
 22372 | D:12     | 22372 ||| Stepping ~*~*~tactically~*~*~ (stealth).
 22374 | D:12     | 22374 ||| Stepping ~*~*~tactically~*~*~ (stealth).
 22375 | D:12     | Noticed Nergalle
 22376 | D:12     | 22376 ||| Stepping ~*~*~tactically~*~*~ (stealth).
 22385 | D:12     | 22385 ||| INVOKING Heroism.
 22403 | D:12     | Killed Nergalle
 22587 | D:12     | 22587 ||| Stepping ~*~*~tactically~*~*~ (stealth).
 22595 | D:12     | 22595 ||| Stepping ~*~*~tactically~*~*~ (stealth).
 22619 | D:12     | 22619 ||| Stepping ~*~*~tactically~*~*~ (stealth).
 22632 | D:12     | 22632 ||| Stepping ~*~*~tactically~*~*~ (stealth).
 22653 | D:12     | 22653 ||| Stepping ~*~*~tactically~*~*~ (stealth).
 22655 | D:12     | 22655 ||| Stepping ~*~*~tactically~*~*~ (stealth).
 22658 | D:12     | 22658 ||| Stepping ~*~*~tactically~*~*~ (stealth).
 22660 | D:12     | 22660 ||| INVOKING Heroism.
 22664 | D:12     | Found a staircase to the Orcish Mines.
 22746 | D:12     | 22746 ||| DROPPING scarf of shadows.
 22747 | D:12     | 22747 ||| READING scroll labelled DUMUEPI LEPY.
 22889 | D:13     | 22889 ||| INVOKING Heroism.
 23089 | D:13     | Reached skill level 12 in Armour
 23099 | D:13     | 23099 ||| READING scroll of enchant armour.
 23099 | D:13     | 23099 ||| ENCHANTING +1 pair of gloves.
 23113 | D:13     | 23113 ||| Stepping ~*~*~tactically~*~*~ (stealth).
 23114 | D:13     | Found a gate to the Vaults.
 23115 | D:13     | 23115 ||| Stepping ~*~*~tactically~*~*~ (stealth).
 23120 | D:13     | 23120 ||| INVOKING Heroism.
 23157 | D:13     | 23157 ||| Stepping ~*~*~tactically~*~*~ (stealth).
 23161 | D:13     | 23161 ||| Stepping ~*~*~tactically~*~*~ (stealth).
 23367 | D:13     | 23367 ||| INVOKING Heroism.
 23368 | D:13     | 23368 ||| INVOKING Finesse.
 23454 | D:13     | 23454 ||| INVOKING Heroism.
 23455 | D:13     | 23455 ||| INVOKING Finesse.
 23477 | D:13     | 23477 ||| Stepping ~*~*~tactically~*~*~ (cloud).
 23541 | D:13     | 23541 ||| Stepping ~*~*~tactically~*~*~ (hiding).
 23542 | D:13     | 23542 ||| Stepping ~*~*~tactically~*~*~ (hiding).
 23650 | D:13     | Reached XP level 16. HP: 101/101 MP: 23/23
 23670 | D:13     | 23670 ||| INVOKING Heroism.
 24601 | D:14     | Received a gift from Okawaru
 24768 | D:14     | 24768 ||| READING 6 scrolls of teleportation.
 24933 | D:14     | 24933 ||| INVOKING Heroism.
 24938 | D:14     | Reached skill level 16 in Axes
 24970 | D:14     | Found a white marble altar of Elyvilon.
 25038 | D:14     | 25038 ||| INVOKING Heroism.
 25297 | D:15     | Entered Level 15 of the Dungeon
 25367 | D:15     | 25367 ||| Stepping ~*~*~tactically~*~*~ (stealth).
 25372 | D:15     | 25372 ||| INVOKING Heroism.
 25389 | D:15     | Identified the +3 dagger of Moderation {flame, Dex+2}
                  | (Okawaru gifted it to you on level 15 of the Dungeon)
 25389 | D:15     | Received a gift from Okawaru
 25443 | D:15     | 25443 ||| INVOKING Heroism.
 25606 | D:15     | 25606 ||| Stepping ~*~*~tactically~*~*~ (hiding).
 25669 | D:15     | 25669 ||| INVOKING Heroism.
 25726 | D:15     | 25726 ||| Stepping ~*~*~tactically~*~*~ (stealth).
 25778 | D:15     | 25778 ||| Stepping ~*~*~tactically~*~*~ (hiding).
 25806 | D:15     | 25806 ||| Stepping ~*~*~tactically~*~*~ (stealth).
 25809 | D:15     | 25809 ||| INVOKING Heroism.
 25814 | D:15     | 25814 ||| READING 5 scrolls of teleportation.
 26142 | D:15     | 26142 ||| INVOKING Heroism.
 26143 | D:15     | 26143 ||| Stepping ~*~*~tactically~*~*~ (stealth).
 26151 | D:15     | 26151 ||| Stepping ~*~*~tactically~*~*~ (stealth).
 26195 | D:15     | 26195 ||| Stepping ~*~*~tactically~*~*~ (hiding).
 26200 | D:15     | 26200 ||| INVOKING Heroism.
 26355 | D:15     | Found a staircase to the Depths.
 26397 | D:15     | 26397 ||| PLANNING ORC
 26397 | D:15     | 26397 ||| UPGRADING to +4 ring of evasion.
 26399 | D:15     | 26399 ||| DROPPING ring of positive energy.
 26502 | Orc:1    | Entered Level 1 of the Orcish Mines
 26506 | Orc:1    | 26506 ||| Stepping ~*~*~tactically~*~*~ (stealth).
 26508 | Orc:1    | 26508 ||| Stepping ~*~*~tactically~*~*~ (hiding).
 26509 | Orc:1    | 26509 ||| Stepping ~*~*~tactically~*~*~ (hiding).
 26636 | Orc:2    | Entered Level 2 of the Orcish Mines
 26639 | Orc:2    | 26639 ||| Stepping ~*~*~tactically~*~*~ (stealth).
 26640 | Orc:2    | 26640 ||| Stepping ~*~*~tactically~*~*~ (stealth).
 26643 | Orc:2    | 26643 ||| Stepping ~*~*~tactically~*~*~ (stealth).
 26854 | Orc:2    | 26854 ||| INVOKING Heroism.
 26863 | Orc:2    | 26863 ||| INVOKING Finesse.
 26891 | Orc:2    | 26891 ||| INVOKING Heroism.
 26897 | Orc:2    | HP: 24/104 [orc warlord/+0 war axe (24)]
 26898 | Orc:2    | 26898 ||| READING 4 scrolls of teleportation.
 26899 | Orc:2    | 26899 ||| DRINKING 3 potions of heal wounds.
 26909 | Orc:2    | 26909 ||| FLEEEEING.
 26912 | Orc:2    | 26912 ||| STAIRDANCE
 27172 | Orc:2    | 27172 ||| Stepping ~*~*~tactically~*~*~ (stealth).
 27174 | Orc:2    | 27174 ||| Stepping ~*~*~tactically~*~*~ (stealth).
 27178 | Orc:2    | 27178 ||| Stepping ~*~*~tactically~*~*~ (hiding).
 27295 | Orc:2    | Found a staircase to the Elven Halls.
 27296 | Orc:2    | 27296 ||| INVOKING Heroism.
 27299 | Orc:2    | 27299 ||| INVOKING Finesse.
 27320 | Orc:2    | Reached skill level 6 in Throwing
 27374 | Orc:2    | Found Elaeh's Armour Emporium.
 27540 | Orc:2    | 27540 ||| Stepping ~*~*~tactically~*~*~ (stealth).
 27541 | Orc:2    | 27541 ||| Stepping ~*~*~tactically~*~*~ (stealth).
 27551 | Orc:2    | 27551 ||| Stepping ~*~*~tactically~*~*~ (stealth).
 27552 | Orc:2    | 27552 ||| Stepping ~*~*~tactically~*~*~ (stealth).
 27562 | Orc:2    | 27562 ||| Stepping ~*~*~tactically~*~*~ (stealth).
 27564 | Orc:2    | 27564 ||| Stepping ~*~*~tactically~*~*~ (hiding).
 27568 | Orc:2    | 27568 ||| INVOKING Heroism.
 27591 | Orc:2    | 27591 ||| Stepping ~*~*~tactically~*~*~ (hiding).
 27593 | Orc:2    | 27593 ||| Stepping ~*~*~tactically~*~*~ (hiding).
 27656 | Orc:2    | 27656 ||| Stepping ~*~*~tactically~*~*~ (stealth).
 27675 | Orc:2    | 27675 ||| Stepping ~*~*~tactically~*~*~ (hiding).
 27677 | Orc:2    | 27677 ||| Stepping ~*~*~tactically~*~*~ (hiding).
 27678 | Orc:2    | 27678 ||| INVOKING Heroism.
 27679 | Orc:2    | 27679 ||| INVOKING Finesse.
 27701 | Orc:2    | 27701 ||| Stepping ~*~*~tactically~*~*~ (stealth).
 27702 | Orc:2    | 27702 ||| Stepping ~*~*~tactically~*~*~ (stealth).
 27730 | Orc:2    | 27730 ||| Stepping ~*~*~tactically~*~*~ (stealth).
 27732 | Orc:2    | 27732 ||| Stepping ~*~*~tactically~*~*~ (stealth).
 27742 | Orc:2    | 27742 ||| INVOKING Heroism.
 27752 | Orc:2    | Received a gift from Okawaru
 27754 | Orc:2    | 27754 ||| DRINKING 6 potions of curing.
 27754 | Orc:2    | 27754 ||| (to cure confusion)
 27780 | Orc:2    | 27780 ||| INVOKING Finesse.
 27784 | Orc:2    | HP: 21/104 [orc knight/bolt (11)]
 27785 | Orc:2    | 27785 ||| READING 3 scrolls of teleportation.
 27786 | Orc:2    | 27786 ||| DRINKING 2 potions of heal wounds.
 27787 | Orc:2    | 27787 ||| DRINKING potion of heal wounds.
 27800 | Orc:2    | 27800 ||| FLEEEEING.
 27801 | Orc:2    | 27801 ||| FLEEEEING.
 27802 | Orc:2    | 27802 ||| FLEEEEING.
 27803 | Orc:2    | 27803 ||| FLEEEEING.
 27804 | Orc:2    | 27804 ||| FLEEEEING.
 27809 | Orc:2    | 27809 ||| FLEEEEING.
 27810 | Orc:2    | 27810 ||| FLEEEEING.
 27811 | Orc:2    | 27811 ||| FLEEEEING.
 27812 | Orc:2    | 27812 ||| STAIRDANCE
 28103 | Orc:2    | 28103 ||| INVOKING Heroism.
 28229 | Orc:2    | 28229 ||| Stepping ~*~*~tactically~*~*~ (hiding).
 28230 | Orc:2    | 28230 ||| Stepping ~*~*~tactically~*~*~ (hiding).
 28236 | Orc:2    | 28236 ||| INVOKING Heroism.
 28249 | Orc:2    | 28249 ||| Stepping ~*~*~tactically~*~*~ (hiding).
 28250 | Orc:2    | 28250 ||| Stepping ~*~*~tactically~*~*~ (hiding).
 28343 | Orc:2    | Found Wuramewe's Antique Armour Emporium.
 28344 | Orc:2    | Found Zepon's Antique Weapon Shoppe.
 28346 | Orc:2    | Found Kasik's General Store.
 28346 | Orc:2    | Found Nuunwava's Jewellery Emporium.
 28350 | Orc:2    | 28350 ||| BUYING potion of curing (45 gold).
 28350 | Orc:2    | Bought a potion of curing for 45 gold pieces
 28350 | Orc:2    | 28350 ||| BUYING scroll of enchant weapon (112 gold).
 28350 | Orc:2    | Bought a scroll of enchant weapon for 112 gold pieces
 28350 | Orc:2    | 28350 ||| READING scroll of enchant weapon.
 28350 | Orc:2    | 28350 ||| ENCHANTING +4 war axe of protection.
 28352 | Orc:2    | 28352 ||| BUYING +4 ring of evasion (432 gold).
 28352 | Orc:2    | Bought a +4 ring of evasion for 432 gold pieces
 28352 | Orc:2    | 28352 ||| BUYING ring of fire (300 gold).
 28352 | Orc:2    | Bought a ring of fire for 300 gold pieces
 28352 | Orc:2    | 28352 ||| BUYING ring of fire (300 gold).
 28352 | Orc:2    | Bought a ring of fire for 300 gold pieces
 28352 | Orc:2    | 28352 ||| BUYING ring of ice (300 gold).
 28352 | Orc:2    | Bought a ring of ice for 300 gold pieces
 28352 | Orc:2    | 28352 ||| BUYING ring of protection from fire (300 gold).
 28352 | Orc:2    | Bought a ring of protection from fire for 300 gold pieces
 28352 | Orc:2    | 28352 ||| BUYING ring of protection from fire (300 gold).
 28352 | Orc:2    | Bought a ring of protection from fire for 300 gold pieces
 28363 | Orc:2    | 28363 ||| SHOPLISTING ancient broad axe (333 gold, have
                  | 106).
 28516 | Orc:2    | 28516 ||| DROPPING ring of fire.
 28517 | Orc:2    | 28517 ||| DROPPING ring of fire.
 28518 | Orc:2    | 28518 ||| DROPPING +6 ring of dexterity.
 28530 | Orc:1    | 28530 ||| INVOKING Heroism.
 28562 | Orc:1    | Noticed Urug
 28563 | Orc:1    | 28563 ||| Stepping ~*~*~tactically~*~*~ (stealth).
 28564 | Orc:1    | 28564 ||| INVOKING Heroism.
 28566 | Orc:1    | 28566 ||| INVOKING Finesse.
 28575 | Orc:1    | 28575 ||| Stepping ~*~*~tactically~*~*~ (stealth).
 28582 | Orc:1    | Killed Urug
 28621 | Orc:1    | 28621 ||| SWAPPING to +2 broad axe of draining.
 28622 | Orc:1    | 28622 ||| DROPPING +5 war axe of protection.
 28637 | Orc:1    | 28637 ||| Stepping ~*~*~tactically~*~*~ (hiding).
 28870 | Orc:1    | Found a runed translucent door.
 29041 | Orc:1    | 29041 ||| PLANNING SHOALS:1-3
 29276 | Shoals:1 | Entered Level 1 of the Shoals
 29276 | Shoals:1 | Noticed Donald
 29277 | Shoals:1 | 29277 ||| INVOKING Heroism.
 29278 | Shoals:1 | 29278 ||| INVOKING Finesse.
 29298 | Shoals:1 | Killed Donald
 29302 | Shoals:1 | HP: 25/105 [merfolk javelineer/silver javelin (9)]
 29303 | Shoals:1 | 29303 ||| READING 2 scrolls of teleportation.
 29306 | Shoals:1 | HP: 11/105 [merfolk javelineer/silver javelin (13)]
 29308 | Shoals:1 | Succumbed to barbed spike wounds

Levels and vault maps discovered:
D:1:      shiori_arrival_elements, layout_basic, minmay_octomino_e4
D:2:      minmay_spotlight, layout_basic, minmay_increasing_density,
          uniq_crazy_yiuf_cottage
D:3:      layout_loops_ring, mainiacjoe_overflow_brackets, trog_hazing_becter
D:4:      minmay_skewed_foursquare, layout_basic, minmay_temple_entry_offerings,
          uniq_robin, uniq_sigmund
D:5:      layout_basic, nzn_wu_jian_contemplation,
          chequers_serial_rivers_room_b, minmay_ogre_servants, uniq_pikel
D:6:      layout_loops_cross, kennysheep_little_box, kennysheep_boxes
D:7:      minmay_chambers_of_fours, layout_loops_corners,
          dreamdust_princess_bridge
D:8:      layout_basic, mainiacjoe_overflow_six_doors_small,
          nicolae_ru_the_path_less_chosen, amcnicky_altar_gilded
D:9:      layout_stronghold, nemelex_spade_bored_becter, david_lair_shrubbed,
          minivault_10, uniq_maurice, uniq_psyche
D:10:     layout_cross, due_unseen_surprise, uniq_gastronok
D:11:     layout_irregular_city, gauntlet_entry_generic,
          minmay_mirror_moons_of_madness
D:12:     layout_rooms, david_orc_5, uniq_kirke, uniq_nergalle, uniq_josephine
D:13:     layout_grid_maze, erik_vaults_2, minmay_statue_bubble
D:14:     layout_small_grid, elyvilon_altar_3, nicolae_lava_and_water,
          hangedman_glass_teeth
D:15:     gammafunk_enter_depths_forms, layout_basic
Temple:   nicolae_temple_ecumenical_triangle
Lair:1:   layout_regular_city
Lair:2:   layout_misc_corridors, nicolae_spider_entry_tight_spaces,
          portal_ice_cave_entry_ice_simulacra, beast_lair_carwin_9,
          grunt_megastairs_5
Lair:3:   layout_cave_pods, minmay_shoals_entry_centaurs, disabler_island
Lair:4:   minmay_lair_oklob_chamber, layout_cave_shapes, grunt_megastairs_2,
          lemuel_fruit_fields, serial_bayou_shore_b
Lair:5:   guppyfry_lair_end_dragon, layout_hall_layers, wormcave, slime_entry_1,
          gammafunk_ghost_hydra_chop
Shoals:1: layout_shoals, serial_shops, shop, uniq_donald
Orc:1:    dreamdust_dug_too_deep, layout_caves, uniq_urug
Orc:2:    st_orc_congregation, layout_diamond_mine, serial_shops, shop

Skill      XL: |  1  2  3  4  5  6  7  8  9 10 11 12 13 14 15 16 |
---------------+-------------------------------------------------+-----
Axes           | 2 3 4 5 7 8 9 11 14 15 16 | 16.1
Fighting       | 4 5 6 7 8 10 12 13 | 13.9
Dodging        | 2 4 5 |  5.0
Invocations    | 4 7 10 | 10.0
Throwing       | 1 4 5 6 |  6.1
Shields        | 5 13 | 13.5
Armour         | 4 6 7 11 12 13 | 13.0

Action                   |  1- 3 |  4- 6 |  7- 9 | 10-12 | 13-15 | 16-18 || total
-------------------------+-------+-------+-------+-------+-------+-------++-------
Melee: War axe           |   114 |   253 |   278 |   732 |  1152 |   635 ||  3164
       Morningstar       |       |       |       |       |    15 |       ||    15
       Broad axe         |       |       |       |       |       |    30 ||    30
Throw: Boomerang         |       |     9 |    58 |    65 |    78 |     4 ||   214
       Javelin           |       |       |       |       |   120 |    55 ||   175
Invok: Heroism           |       |       |    12 |    31 |    34 |    20 ||    97
       Finesse           |       |       |       |     1 |     7 |     6 ||    14
  Use: Scroll            |     5 |    11 |     6 |     8 |    11 |     6 ||    47
       Potion            |       |     3 |     2 |     2 |     3 |     4 ||    14
 Stab: Confused          |       |       |       |       |     1 |       ||     1
Armor: Scale mail        |    79 |   146 |    23 |       |       |       ||   248
       Plate armour      |       |       |   141 |   347 |   656 |   182 ||  1326
       Skin              |       |       |       |     3 |       |       ||     3
Dodge: Dodged            |    43 |   136 |    63 |   171 |   307 |   142 ||   862
Block: Buckler           |    17 |    42 |     7 |       |       |       ||    66
       Kite shield       |       |       |   112 |   511 |   942 |   418 ||  1983
       Reflection        |       |       |       |       |    18 |    22 ||    40

Table legend:
 A = Non-vault XP
 B = Vault XP
 C = Vault XP percentage of total XP
 D = Non-vault monster count
 E = Vault monster count
 F = Vault count percentage of total count
                 A         B        C        D         E       F
            +---------+---------+-------+---------+---------+-------
      Total |   93937 |   55452 |  37.1 |     498 |     246 |  33.1
            +---------+---------+-------+---------+---------+-------
        D:1 |      35 |       2 |   5.4 |      19 |       1 |   5.0
        D:2 |      39 |      61 |  61.0 |      16 |      12 |  42.9
        D:3 |      97 |      10 |   9.3 |      17 |       6 |  26.1
        D:4 |      29 |     305 |  91.3 |       9 |      19 |  67.9
        D:5 |     461 |     757 |  62.2 |      21 |      10 |  32.3
        D:6 |    1405 |       0 |   0.0 |      21 |       0 |   0.0
        D:7 |    1156 |     778 |  40.2 |      28 |       6 |  17.6
        D:8 |    1953 |       0 |   0.0 |      26 |       0 |   0.0
        D:9 |    5185 |    1230 |  19.2 |      45 |       3 |   6.2
       D:10 |    4104 |    1513 |  26.9 |      17 |       1 |   5.6
       D:11 |    1723 |    3360 |  66.1 |       6 |       7 |  53.8
       D:12 |    5102 |    5600 |  52.3 |      11 |      33 |  75.0
       D:13 |    5805 |    7373 |  55.9 |      14 |       9 |  39.1
       D:14 |    6209 |       0 |   0.0 |      15 |       0 |   0.0
       D:15 |   12856 |    5042 |  28.2 |      31 |       8 |  20.5
     Lair:1 |    6209 |    1224 |  16.5 |      25 |       6 |  19.4
     Lair:2 |    6591 |    3098 |  32.0 |      29 |      16 |  35.6
     Lair:3 |    2818 |     706 |  20.0 |      13 |       7 |  35.0
     Lair:4 |    9097 |    2791 |  23.5 |      33 |       8 |  19.5
     Lair:5 |   16680 |    9402 |  36.0 |      49 |      30 |  38.0
   Shoals:1 |     495 |    1334 |  72.9 |       1 |       1 |  50.0
      Orc:1 |    1653 |     810 |  32.9 |      21 |       1 |   4.5
      Orc:2 |    4235 |   10056 |  70.4 |      31 |      62 |  66.7
            +---------+---------+-------+---------+---------+-------
